 Dungeon Crawl Stone Soup version 0.32-a0-391-gce5c0aab1b (webtiles) character file.

Game seed: 17823039408973127740

510 jasper the Cleaver (level 7, 0/50 HPs)
             Began as a Coglin Gladiator on Feb 19, 2024.
             Slain by Maurice
             ... wielding a +0 short sword of freezing
              (1 damage)
             ... on level 7 of the Dungeon.
             The game lasted 00:04:06 (2361 turns).

jasper the Cleaver (Coglin Gladiator)               Turns: 2361, Time: 00:04:07

Health: 0/50       AC: 11    Str: 16    XL:     7   Next: 19%
Magic:  1/7        EV: 11    Int:  8    God:
Gold:   0          SH:  0    Dex: 15    Spells: 6/6 levels left

rFire   . . .        a - +0 war axe {Kai}
rCold   + . .        r - +3 war axe {Arammadara}
rNeg    . . .        f - +2 ring mail {rC+}
rPois   .            c - +0 helmet
rElec   .            (no cloak)
rCorr   .            h - +2 pair of gloves
SInv    .            (no boots)
Will    .....        o - amulet of regeneration
Stlth   +            (no ring)
HPRegen 1.08/turn    (no ring)
MPRegen 0.10/turn

%: no passive effects
@: revved, stiff-legged, very slow
A: off-hand wielding, slow wielding, warmup strikes, warmup strides
a: no special abilities


You were on level 7 of the Dungeon.
You visited 1 branch of the dungeon, and saw 5 of its levels.

Inventory:

Hand Weapons
 a - a +0 war axe (weapon) {Kai}
 r - a +3 war axe (worn) {Arammadara}
Missiles
 d - 3 throwing nets
 e - 4 javelins
 i - a stone (quivered)
 m - 6 curare-tipped darts
 v - 2 poisoned darts
Armour
 b - a +0 leather armour
 c - a +0 helmet (worn)
 f - a +2 ring mail of cold resistance (worn)
 h - a +2 pair of gloves (worn)
Jewellery
 o - an amulet of regeneration (around neck)
Wands
 p - a wand of polymorph (6)
 s - a wand of digging (5)
Potions
 n - a potion of haste {unknown}
 q - a potion of might {unknown}
 t - a potion of ambrosia {unknown}
 u - a potion of brilliance {unknown}


   Skills:
 - Level 2.0 Fighting
 + Level 8.0 Axes
 - Level 1.7 Throwing
 - Level 2.6 Dodging


You had 6 spell levels left.
You didn't know any spells.
Your spell library contained the following spells:

 Spells                   Type           Power      Damage    Failure   Level
 Magic Dart               Conj           0%         1d3       63%         1
 Blink                    Tloc           0%         N/A       77%         2
 Call Imp                 Summ           0%         N/A       77%         2
 Tukima's Dance           Hex            0%         N/A       94%         3
 Passage of Golubria      Tloc           0%         N/A       100%        4
 Yara's Violent Unravell  Hex/Alch       0%         3d3       100%        5


Dungeon Overview and Level Annotations

Branches:
Dungeon (4/15)             Temple (0/1) D:4

Altars:
Elyvilon
Uskayaw

Annotations:
D:4 Ijyb, Sigmund
D:7 Maurice


Innate Abilities, Weirdness & Mutations

You can wield a second weapon in your off-hand.
It takes a long time for you to wield or remove held weapons.
Your first few attacks do less damage.
Your first movements take longer.


Message History

Something hits you but does no damage. Something bites you but does no damage.
You regained 2 hp, and now have 15/50 hp.
You closely miss something with your +3 war axe.
You hit something but do no damage.
You hear a zap.
A puff of flame appears from out of thin air!
The puff of flame hits you!
* * * LOW HITPOINT WARNING * * *
You take 10 damage, and have 5/50 hp.
You closely miss something with your +3 war axe.
You hit something with your +0 war axe. Something hits you but does no damage.
Something bites you but does no damage.
You barely miss something with your +3 war axe.
You closely miss something with your +0 war axe.
Something barely misses you. Something bites you but does no damage.
You barely miss something with your +3 war axe.
You barely miss something with your +0 war axe.
You hear a zap.
A puff of flame appears from out of thin air!
The puff of flame hits you but does no damage.
A gnoll comes into view. It is wielding a +0 club.
You barely miss something with your +3 war axe.
You miss something with your +0 war axe.
The gnoll shouts!
You hear a shout!
Something hits you.
* * * LOW HITPOINT WARNING * * *
Something groans, "What are you, a monk?"
Something freezes you.
* * * LOW HITPOINT WARNING * * *
Something bites you but does no damage.
You take 5 damage, and have 3/50 hp.
You slash something with your +3 war axe!
You closely miss something with your +0 war axe.
Maurice appears from thin air!
Reactivating autopickup.
Maurice hits you with a +0 short sword of freezing.
* * * LOW HITPOINT WARNING * * *
Maurice groans, "What are you, a monk?" Maurice freezes you.
You die...

..# ..## ###. ...
..... #.. ....
#g#... #.#.####.
#........
#f###.#.. ##@# #
##..# ##.#...#
##....#.#########
..§§.......†....#
≈§§§≈≈≈≈.#.####.#
.......≈...# #.#
.♣♣♣.♣.§..## #.#
...♣.§..# #.#


You could see Maurice and a gnoll.

Vanquished Creatures
  A water moccasin (D:7)
  A sky beast (D:7)
  Pargi (D:3)
  A bombardier beetle (D:3)
  An orc priest (D:3)
  An orc wizard (D:3)
  2 adders (D:2)
  2 ribbon worms (D:2)
  4 dart slugs
  6 orcs (D:3)
  3 bats
  3 endoplasms
  A giant cockroach (D:2)
  2 goblins (D:1)
  2 hobgoblins
  12 jackals
  4 quokkas
  5 ball pythons
  A frilled lizard (D:2)
  4 kobolds
  2 rats (D:1)
59 creatures vanquished.

Notes
Turn   | Place    | Note
-------+----------+-------------------------------------------
     0 | D:1      | jasper the Coglin Gladiator began the quest for the Orb.
     0 | D:1      | Reached XP level 1. HP: 16/16 MP: 1/1
    95 | D:1      | Reached XP level 2. HP: 22/22 MP: 2/2
   484 | D:1      | Reached skill level 4 in Axes
   494 | D:1      | Reached XP level 3. HP: 27/27 MP: 3/3
   970 | D:2      | Reached XP level 4. HP: 33/33 MP: 4/4
   971 | D:2      | Reached skill level 5 in Axes
  1008 | D:2      | Found a faded altar of an unknown god.
  1651 | D:3      | Found a hide-covered altar of Uskayaw.
  1685 | D:3      | Reached XP level 5. HP: 33/38 MP: 5/5
  1698 | D:3      | Reached skill level 6 in Axes
  2090 | D:3      | Noticed Pargi
  2101 | D:3      | Killed Pargi
  2102 | D:3      | Reached skill level 7 in Axes
  2102 | D:3      | Reached XP level 6. HP: 44/44 MP: 6/6
  2243 | D:4      | Found a staircase to the Ecumenical Temple.
  2244 | D:4      | Noticed Sigmund
  2247 | D:4      | Noticed Ijyb
  2248 | D:4      | You fall into a shaft and drop 3 floors!
  2257 | D:7      | Noticed Maurice
  2257 | D:7      | Noticed a water moccasin
  2262 | D:7      | Noticed a sky beast
  2267 | D:7      | Killed a water moccasin
  2272 | D:7      | Killed a sky beast
  2273 | D:7      | Reached skill level 8 in Axes
  2273 | D:7      | Reached XP level 7. HP: 50/50 MP: 7/7
  2273 | D:7      | Something stole 17 stones
  2276 | D:7      | Something stole a +0 club {Diego}
  2280 | D:7      | Something stole 135 gold
  2289 | D:7      | Found a white marble altar of Elyvilon.
  2361 | D:7      | HP: 1/50 [Maurice/+0 short sword of freezing (4)]
  2361 | D:7      | Slain by Maurice

Illustrated notes

Levels and vault maps discovered:
D:1:      heliophobic_arrival_dark_side_of_the_moon, layout_basic,
          kennysheep_nondescript
D:2:      layout_loops_ring, chequers_ecumenical_altar_grove,
          kennysheep_generic_room_16
D:3:      layout_rooms, eat_drink_and_be_merry_uskayaw, uniq_pargi
D:4:      layout_loops_cross, minmay_temple_entry_junction, grunt_ministairs_3,
          uniq_menkaure, uniq_sigmund, uniq_ijyb
D:7:      layout_basic, lemuel_mausoleum_altar_kikubaaqudgha,
          mainiacjoe_overflow_brackets, enter_bailey_2, grunt_ministairs_2,
          kb_rosetta, uniq_maurice

Skill      XL: |  1  2  3  4  5  6 |
---------------+-------------------+-----
Axes           | 4 5 7 8 |  8.0
Fighting       | |  2.0
Throwing       | |  1.7
Dodging        | |  2.6

Action                     |  1- 3 |  4- 6 |  7- 9 || total
---------------------------+-------+-------+-------++-------
  Melee: War axe           |    48 |   121 |    62 ||   231
         Club              |    45 |    63 |       ||   108
  Throw: Dart              |       |     3 |       ||     3
         Throwing net      |       |     1 |       ||     1
    Use: Scroll            |     1 |     4 |       ||     5
         Potion            |       |     1 |     3 ||     4
   Stab: Sleeping          |     3 |       |       ||     3
         Held in net/web   |       |     2 |       ||     2
 Armour: Leather armour    |    16 |       |       ||    16
         Ring mail         |    25 |    65 |    68 ||   158
         Skin              |     1 |       |       ||     1
  Dodge: Dodged            |    53 |    46 |    10 ||   109

Table legend: (Time is in decaauts)
 A = Elapsed time spent in this place.
 B = Non-inter-level travel time spent in this place.
 C = Inter-level travel time spent in this place.
 D = Time resting spent in this place.
 E = Time spent auto-exploring this place.
 F = Levels seen in this place.
 G = Mean time per level.
                   A        B        C        D        E       F      G
               +--------+--------+--------+--------+--------+-----+--------+
         Total |   2496 |   2360 |    136 |      0 |   1717 |   5 |  499.2 |
       Dungeon |   2496 |   2360 |    136 |      0 |   1717 |   5 |  499.2 |
               +--------+--------+--------+--------+--------+-----+--------+

Top non-repeatable levels by time:
     D:1: 869 daAuts
     D:2: 823 daAuts
     D:3: 669 daAuts
     D:7: 129 daAuts
     D:4: 4 daAuts
